amy, neutral female human Ranger ... -..... |.....- --......| |.)%%.[- --.<...-- ....------- ..).@)@@... ....------- |.-- -- amy the Trailblazer Experience level: 6 Strength: 16 Dexterity: 10 Constitution: 16 Intelligence: 13 Wisdom: 13 Charisma: 8 Health: 0(50) Energy: 22(22) Def: 17 Gold: 121 Moves: 3114 Dungeon seed: 64ZPtbs-7blJRtTf Game ID: amy_1464844758 Your Inventory: Coins $ - 121 gold pieces Amulets n - a cursed amulet of strangulation Weapons b - an uncursed +2 bow (weapon in hand) c - 41 uncursed +2 arrows (in quiver) d - 22 uncursed +0 arrows h - 4 uncursed +0 daggers named ok i - a cursed -1 dwarvish spear r - an uncursed +0 elven dagger z - an uncursed +0 orcish dagger M - 6 cursed +0 orcish arrows T - 10 uncursed +0 arrows X - 10 uncursed +1 arrows Armor e - an uncursed +2 cloak of displacement (being worn) q - an uncursed +0 orcish helm (being worn) C - a blessed greased +2 silver dragon scale mail (being worn) N - an uncursed +0 pair of iron shoes (being worn) Comestibles m - 2 uncursed bananas o - an uncursed tripe ration p - an uncursed food ration A - an uncursed eucalyptus leaf Q - 2 uncursed sprigs of wolfsbane U - an uncursed egg Scrolls l - an uncursed scroll of water B - a cursed scroll of stinking cloud named cursed V - an uncursed scroll of charging Potions E - an uncursed potion of invisibility named ok I - an uncursed potion of see invisible J - an uncursed potion of water named ok O - a cursed potion of levitation Z - an uncursed potion of acid Rings k - an uncursed ring of invisibility named cursed F - an uncursed ring of protection from shape changers named ok (on left hand) Wands g - an uncursed wand of slow monster (0:0) t - an uncursed wand of digging (0:4) Tools a - a blessed oil lamp (0:1327) u - 8 cursed tallow candles (0:200) v - 12 uncursed tallow candles (0:200) D - an uncursed oil lamp (lit) (0:1066) K - an uncursed skeleton key Y - 2 uncursed wax candles (0:400) Spells and supernatural/magical abilities: Name Level Category Fail Memory W - pray for help -- divine ? -- Your skills at the end: Miscellaneous Skills wands [Basic] Weapon Skills dagger [Basic] bow [Skilled] Spellcasting Skills Final Attributes: You were devoutly aligned. You had automatic searching. You were displaced. You were protected from shape changers. You had reflection. You are dead. Vanquished creatures: a giant spider a Green-elf a raven a rock mole 3 rock piercers 6 gnome lords 5 gnomish wizards a gray ooze 8 dwarves a monkey 4 coyotes a hobbit 2 large kobolds a gecko 29 gnomes a garter snake 3 jackals a fox 4 newts 2 goblins 2 sewer rats 8 grid bugs 5 lichens a kobold zombie 92 creatures vanquished. Voluntary challenges: You had been an atheist until turn 2472. You used a wielded weapon 20 times, starting on turn 71. You did not apply a unicorn horn. You were illiterate. You never genocided any monsters. You never polymorphed an object. You never changed form. You used 1 wish, starting on turn 2498. You did not wish for any artifacts. You never split a pudding. You never wrote Elbereth's name. You violated your moral code, losing 1 point of alignment, starting on turn 2601. Dungeon overview: The Dungeons of Doom: levels 1 to 3 Level 1 a fountain, a sink a long staircase Level 2 a general store, a fountain Level 3 a fountain stairs to The Gnomish Mines The Gnomish Mines: levels 4 to 8 Level 4 stairs to The Dungeons of Doom Level 5 Level 6 some shops, a temple to Mercury, some fountains Level 7 Level 8 <- You were here History has recorded: On T:1 you entered the Dungeons of Doom to retrieve the Amulet of Yendor! On T:520 you reached level 2 of The Dungeons of Doom. On T:788 you advanced to experience level 2. On T:1194 you reached level 3 of The Dungeons of Doom. On T:1323 you advanced to experience level 3. On T:1520 you reached level 1 of The Gnomish Mines. On T:1567 you reached level 2 of The Gnomish Mines. On T:1597 you advanced to experience level 4. On T:2003 you advanced to experience level 5. On T:2292 you reached level 3 of The Gnomish Mines. On T:2462 you entered the Minetown temple On T:2465 you advanced to experience level 6. On T:2498 you wished for "blessed greased +2 silver dragon scale mail". On T:2764 you reached level 4 of The Gnomish Mines. On T:2995 you reached level 5 of The Gnomish Mines. Score breakdown: Gold: 121 ( 12 points) Experience: 6 levels ( 500 points) Exploration: 8 levels ( 210 points) Discoveries: 9 items ( 450 points) Variety of kills: 24 monsters ( 1200 points) Major goal: reached Minetown ( 500 points) Survival: died (score multiplied by 3) Total score: 8616 Latest messages: You feel that Venus is well-pleased. You feel in good health again. U - an uncursed egg. A - an uncursed eucalyptus leaf. p - an uncursed food ration. Q - 2 uncursed sprigs of wolfsbane. o - an uncursed tripe ration. V - an uncursed scroll labeled HACKEM MUCHE. B - a cursed scroll labeled VE FORBRYDERNE named cursed. l - an uncursed scroll labeled ZELGO MER. Z - an uncursed brown potion. J - an uncursed clear potion named ok. I - an uncursed puce potion. O - a cursed smoky potion. E - an uncursed swirly potion named ok. k - an uncursed iron ring named cursed. A clear potion named ok lands on the altar. There is a black flash as a smoky potion hits the altar. You cannot drop something you are wearing. An iron ring named cursed lands on the altar. The gnomish wizard points at you, then curses. You feel an absence of magical power. The Green-elf swings her runed broadsword. The Green-elf slashes you! You die... Final status: Goodbye amy the Ranger, killed by a Green-elf... You died in The Gnomish Mines on dungeon level 8 with 8616 points, and 121 pieces of gold, after 3114 moves. You were level 6 with a maximum of 50 hit points when you died.